 Dungeon Crawl Stone Soup version 0.30-a0-808-g6e0788376e (webtiles) character file.

Game seed: 8041756678819589763

37 Farfigtubin the Sneak (level 3, -3/21 HPs)
             Began as a Kobold Brigand on Feb 26, 2023.
             Slain by an ice beast (7 damage)
             ... on level 6 of the Dungeon.
             The game lasted 00:10:05 (1133 turns).

Farfigtubin the Sneak (Kobold Brigand)              Turns: 1133, Time: 00:10:06

Health: -3/21      AC:  4    Str:  8    XL:     3   Next: 62%
Magic:  3/3        EV: 15    Int: 12    God:
Gold:   42         SH:  0    Dex: 18    Spells: 2/2 levels left

rFire   . . .      SeeInvis .    a - +2 dagger
rCold   . . .      Faith    .    (no shield)
rNeg    . . .      Spirit   .    b - +0 robe
rPois   .          Reflect  .    g - +0 helmet
rElec   .          Harm     .    c - +0 cloak
rCorr   .          Rampage  .    (no gloves)
Will    .....                    (no boots)
Stlth   ++++                     (no amulet)
HPRegen 0.23/turn                (no ring)
MPRegen 0.08/turn                (no ring)

@: no status effects
A: small, no large weapons, nightstalker 3
a: no special abilities


You were on level 6 of the Dungeon.
You visited 1 branch of the dungeon, and saw 6 of its levels.

You collected 42 gold pieces.

Inventory:

Hand Weapons
 a - a +2 dagger (weapon)
Missiles
 d - 13 poisoned darts (quivered)
 e - 3 curare-tipped darts
 h - 7 stones
Armour
 b - a +0 robe (worn)
 c - a +0 cloak (worn)
 g - a +0 helmet (worn)
Wands
 n - a wand of light (9)
Scrolls
 f - 6 scrolls of identify {unknown}
 i - a scroll of enchant weapon {unknown}
 m - a scroll of noise {unknown}
 o - a scroll of amnesia {unknown}
 p - a scroll of brand weapon {unknown}
 q - a scroll of enchant armour {unknown}
Potions
 j - a potion of curing {unknown}
 k - a potion of ambrosia {unknown}
 l - a potion of berserk rage {unknown}


   Skills:
 - Level 2.1 Fighting
 * Level 4.0 Short Blades
 - Level 2.1 Throwing
 + Level 2.1 Dodging
 + Level 5.8 Stealth


You had 2 spell levels left.
You didn't know any spells.
Your spell library contained the following spells:

 Spells                   Type           Power      Damage    Failure   Level
 Cause Fear               Hex            0%         N/A       97%         4
 Dragon Form              Tmut           0%         N/A       100%        7
 Dragon's Call            Summ           0%         N/A       100%        9


Dungeon Overview and Level Annotations

Branches:
Dungeon (6/15)
 Temple: D:4-7

Altars:
Nemelex Xobeh


Innate Abilities, Weirdness & Mutations

You are small and have problems with some larger weapons.
You are completely attuned to the shadows.


Message History

There is a stone staircase leading up here.
You open the door.
There is an open door here.
A scorpion comes into view.
Found a scroll labelled RIG YCOKOUNIJ.
There is an open door here.
A dart slug comes into view.
The dart slug bites you but does no damage.
You hit the dart slug.
The dart slug is moderately wounded.
You hit the dart slug.
The dart slug is severely wounded.
The dart slug launches a dart at you. The slug dart misses you.
You hit the dart slug.
The dart slug is almost dead.
The dart slug misses you.
You hit the dart slug.
You kill the dart slug!
Your Short Blades skill increases to level 4!
A scorpion comes into view.
There is a stone staircase leading down here.
You climb downwards.
There is a stone staircase leading up here.
There is a stone staircase leading up here.
A water moccasin comes into view.
Found a smoky brown potion.
There is a stone staircase leading up here.
An ice beast comes into view.
Found a stone staircase leading down.
Found a bone ring.
An ogre and a hound come into view.
The ogre shouts!
The ice beast hits you. The ice beast freezes you!
Ouch! That really hurt!
* * * LOW HITPOINT WARNING * * *
The ice beast attacks as you move away! The ice beast hits you.
* * * LOW HITPOINT WARNING * * *
The ice beast freezes you!
You die...

S!...# #.#
#.####.####
#....<.....
######..###
#..## #...####
####.#....#
......###.#
.###@.....## ##
#Y###...##8.
.O...####..##..
###........#>=.
##.###...##..
#.# ######8. ##


You could see an ice beast.

Vanquished Creatures
  An adder (D:2)
  3 worms (D:2)
  2 dart slugs
  3 bats
  A goblin (D:2)
  2 hobgoblins
  2 kobolds
  2 frilled lizards (D:2)
  A rat (D:2)
17 creatures vanquished.

Notes
Turn   | Place    | Note
-------+----------+-------------------------------------------
     0 | D:1      | Farfigtubin the Kobold Brigand began the quest for the Orb.
     0 | D:1      | Reached XP level 1. HP: 12/12 MP: 1/1
   230 | D:1      | Reached XP level 2. HP: 17/17 MP: 2/2
   532 | D:2      | Reached XP level 3. HP: 7/21 MP: 3/3
   905 | D:2      | Found a sparkling altar of Nemelex Xobeh.
  1038 | D:5      | Entered Level 5 of the Dungeon
  1051 | D:5      | Noticed a scorpion
  1075 | D:5      | Noticed a scorpion
  1106 | D:6      | Noticed a water moccasin
  1114 | D:6      | Noticed an ice beast
  1131 | D:6      | Noticed an ogre
  1133 | D:6      | Slain by an ice beast

Illustrated notes

Levels and vault maps discovered:
D:1:      lightli_arrival_quake, layout_loops_ring, serial_park_tiny_1,
          minmay_misc_feat_rugged
D:2:      layout_loops_cross, basic_altar, chequers_serial_rivers_micro_d,
          uniq_terence
D:3:      layout_basic, portal_sewer_entry_e, chequers_serial_rivers_micro_d,
          uniq_grinder
D:4:      layout_loops_ring, tgw_xom, ebering_ghost_sewer_d, uniq_natasha
D:5:      layout_basic, minmay_temple_entry_enclosed_plants, kennysheep_diamond,
          hangedman_glass_teeth
D:6:      layout_rooms, nicolae_ru_path_of_blood,
          nicolae_overflow_hidden_temple, uniq_edmund, uniq_menkaure

Skill      XL: |  1  2  3 |
---------------+----------+-----
Short Blades   | 3 4 |  4.0
Dodging        | 2 |  2.1
Fighting       | |  2.1
Throwing       | |  2.1
Stealth        | |  5.8

Action                     || total
---------------------------++-------
  Melee: Dagger            ||    45
   Stab: Sleeping          ||     7
         Distracted        ||     1
 Armour: Robe              ||    13
  Dodge: Dodged            ||    19

Table legend: (Time is in decaauts)
 A = Elapsed time spent in this place.
 B = Non-inter-level travel time spent in this place.
 C = Inter-level travel time spent in this place.
 D = Time resting spent in this place.
 E = Time spent auto-exploring this place.
 F = Levels seen in this place.
 G = Mean time per level.
                   A        B        C        D        E       F      G
               +--------+--------+--------+--------+--------+-----+--------+
         Total |   1124 |   1124 |      0 |     80 |      0 |   6 |  187.3 |
       Dungeon |   1124 |   1124 |      0 |     80 |      0 |   6 |  187.3 |
               +--------+--------+--------+--------+--------+-----+--------+

Top non-repeatable levels by time:
     D:2: 540 daAuts
     D:1: 368 daAuts
     D:4: 66 daAuts
     D:5: 61 daAuts
     D:3: 55 daAuts
     D:6: 32 daAuts
